 Dungeon Crawl Stone Soup version 0.21-a0-401-g0b6bec4 (webtiles) character file.

462 kae the Grave Robber (level 6, -5/41 HPs)
             Began as a Mummy Necromancer on Oct 22, 2017.
             Killed from afar by an orc wizard (6 damage)
             ... with a magic dart
             ... on level 4 of the Dungeon.
             The game lasted 00:06:53 (5666 turns).

kae the Grave Robber (Mummy Necromancer)            Turns: 5666, Time: 00:06:54

Health: -5/41      AC:  5    Str: 11    XL:     6   Next: 79%
Magic:  1/14       EV: 12    Int: 16    God:
Gold:   212        SH:  0    Dex: 13    Spells: 11/16 levels left

rFire    x . .     SeeInvis .   (no weapon)
rCold    + . .     Gourm    .   (no shield)
rNeg     + + +     Faith    .   a - +0 robe
rPois    ∞         Spirit   .   (no helmet)
rElec    .         Reflect  .   i - +0 cloak
rCorr    .         Harm     .   c - +0 pair of gloves
MR       .....                  g - +0 pair of boots
Stlth    ++........             (no amulet)
HPRegen  0.13/turn              (no ring)
MPRegen  0.14/turn              (no ring)

@: no status effects
A: no food or potions, fire vulnerability, cold resistance 1, negative energy
resistance 3, torment resistance, unbreathing
a: no special abilities


You were on level 4 of the Dungeon.
You were not hungry.

You visited 1 branch of the dungeon, and saw 4 of its levels.
You also visited: Sewer.

You collected 212 gold pieces.

Inventory:

Armour
 a - a +0 robe (worn)
 c - a +0 pair of gloves (worn)
 g - a +0 pair of boots (worn)
 i - a +0 cloak (worn)
Jewellery
 f - an uncursed amulet of regeneration {unknown}
Scrolls
 e - a scroll of remove curse
Books
 b - a book of Necromancy

   Spells                             Type                      Level
   a - Pain                           Necromancy                   1
   b - Animate Skeleton               Necromancy                   1
   c - Vampiric Draining              Necromancy                   3
   d - Regeneration                   Charms/Necromancy            3
   e - Animate Dead                   Necromancy                   4
   f - Control Undead                 Necromancy                   4


   Skills:
 - Level 1.5 Dodging
 - Level 1.5 Stealth
 + Level 5.5 Spellcasting
 * Level 7.1 Necromancy


You had 11 spell levels left.
You knew the following spells:

 Your Spells              Type           Power        Failure   Level  Hunger
a - Pain                  Necr           ####         1%          1    N/A
b - Animate Skeleton      Necr           N/A          1%          1    N/A
c - Vampiric Draining     Necr           ####......   2%          3    N/A

Dungeon Overview and Level Annotations

Branches:
Dungeon (4/15)
 Temple: D:4-7

Altars:
Makhleb
Zin

Annotations:
D:4 exclusion: ogre


Innate Abilities, Weirdness & Mutations

You do not eat or drink.
Your flesh is vulnerable to fire.
You are immune to poison.
Your flesh is cold resistant. (rC+)
You are immune to negative energy. (rN+++)
You are immune to unholy pain and torment.
You can survive without breathing.


Message History

Casting: Pain
Confirm with . or Enter, or press ? or * to list all spells.
You don't have enough magic to cast that spell.
You can't drink.
Unknown command.
Okay, then.
You aren't carrying any items that you can evoke.
Unknown command.
You hit the orc wizard but do no damage.
The orc wizard is severely wounded.
The orc wizard hits you but does no damage.
The orc wizard casts a spell at you. The magic dart hits you!
* * * LOW HITPOINT WARNING * * *
You hit the orc wizard.
The orc wizard is severely wounded.
The orc wizard closely misses you. The orc wizard casts a spell at you.
The magic dart hits you!
You die...

#########..#...###...g##.# .
##≈≈.≈≈.≈≈≈.................
#≈≈≈≈≈≈≈≈≈≈##.#.####......#.
#..##########.#.# ##..##....
#..≈≈≈≈≈≈## ..#.# ...# ##.##
##≈≈)..≈≈.#####.# .##.# #
##≈≈≈≈≈≈..# #.###.# .#
#########..# #o#... .#
##..≈≈≈≈≈≈.≈# #@#.#
#≈≈≈.≈.≈...## #.o.#
#.≈.######## #####
#.####+#### #.(.......#
##........# #.......!#
##..!.....# #...#.....#


You could see 2 orc wizards.

Vanquished Creatures
  A big kobold (Sewer)
  A hound (D:4)
  2 orc wizards
  Jessica (D:2)
  A bullfrog skeleton (D:3)
  A worker ant (D:4)
  A hound skeleton (D:4)
  Robin (D:2)
  5 adders
  A gnoll (D:4)
  2 river rats (Sewer)
  An ooze (D:1)
  2 worms
  3 dart slugs
  3 leopard geckos
  7 orcs
  5 giant cockroaches
  14 goblins
  13 hobgoblins
  6 jackals
  A quokka (D:3)
  2 ball pythons
  7 bats
  3 frilled lizards
  14 kobolds
  13 rats
111 creatures vanquished.

Vanquished Creatures (collateral kills)
  2 worms (D:3)
  2 leopard geckos (D:4)
  2 giant cockroaches (D:4)
  A bat (D:3)
7 creatures vanquished.

Grand Total: 118 creatures vanquished

Notes
Turn   | Place    | Note
-------+----------+-------------------------------------------
     0 | D:1      | kae the Mummy Necromancer began the quest for the Orb.
     0 | D:1      | Reached XP level 1. HP: 13/13 MP: 4/4
   344 | D:1      | Reached XP level 2. HP: 6/19 MP: 0/6
  1070 | D:1      | Reached XP level 3. HP: 24/24 MP: 4/7
  1532 | D:2      | Noticed Robin
  1550 | D:1      | Reached skill level 5 in Necromancy
  1827 | D:2      | Noticed Jessica
  1834 | D:2      | Killed Jessica
  1834 | D:2      | Reached XP level 4. HP: 29/30 MP: 2/9
  1893 | D:2      | Learned a level 1 spell: Animate Skeleton
  1897 | D:2      | Learned a level 3 spell: Vampiric Draining
  2049 | D:2      | Found a glowing silver altar of Zin.
  3376 | D:2      | Killed Robin
  3550 | D:3      | Reached XP level 5. HP: 35/35 MP: 7/11
  4001 | D:3      | Reached skill level 6 in Necromancy
  4129 | D:3      | Found a burning altar of Makhleb.
  4129 | D:3      | Found a glowing silver altar of Zin.
  4130 | D:3      | Noticed an angel
  4130 | D:3      | Noticed a balrug
  4969 | D:4      | Noticed an ogre
  5111 | D:4      | Reached XP level 6. HP: 28/41 MP: 13/13
  5115 | D:4      | Found a glowing drain.
  5139 | Sewer    | Entered a sewer
  5152 | Sewer    | Reached skill level 5 in Spellcasting
  5436 | Sewer    | Found a white marble altar of Elyvilon.
  5624 | D:4      | Reached skill level 7 in Necromancy
  5665 | D:4      | HP: 1/41 [orc wizard/magic dart (6)]
  5666 | D:4      | Killed from afar by an orc wizard

Vault maps used:
D:1:      tarquinn_simple_flora_water_e
D:2:      kennysheep_flooded_box, uniq_jessica, uniq_robin
D:3:      grunt_temple_overflow_order_and_chaos_2, minmay_misc_feat_rows,
          minmay_cupped
D:4:      first_bread, gup_sewer_entry_pipe
Sewer:    sewer_kobolds

Skill      XL: |  1  2  3  4  5  6 |
---------------+-------------------+-----
Spellcasting   | 3 4 5 |  5.5
Necromancy     | 5 6 7 |  7.1
Dodging        | |  1.5
Stealth        | |  1.5

Action                   |  1- 3 |  4- 6 || total
-------------------------+-------+-------++-------
Melee: Unarmed           |    39 |   154 ||   193
 Cast: Pain              |    70 |   143 ||   213
       Vampiric Draining |       |     5 ||     5
       Animate Skeleton  |       |    11 ||    11
  Use: Scroll            |     2 |     3 ||     5
 Stab: Sleeping          |       |     2 ||     2
Armor: Robe              |    33 |    68 ||   101
Dodge: Dodged            |    56 |   142 ||   198

Table legend:
 A = Spawn XP
 B = Non-spawn XP
 C = Spawn XP percentage of total XP
 D = Spawn monster count
 E = Non-spawn monster count
 F = Spawn count percentage of total count
 G = Total turns spent on level
                    A         B        C        D         E        F      G
               +---------+---------+-------+---------+---------+-------+---------
         Total |       0 |     660 |   0.0 |       0 |     118 |   0.0 |  5666
               +---------+---------+-------+---------+---------+-------+---------
           D:1 |       0 |      74 |   0.0 |       0 |      38 |   0.0 |  1766
           D:2 |       0 |     113 |   0.0 |       0 |      21 |   0.0 |  1776
           D:3 |       0 |     159 |   0.0 |       0 |      29 |   0.0 |  1429
           D:4 |       0 |     180 |   0.0 |       0 |      18 |   0.0 |   362
         Sewer |       0 |     134 |   0.0 |       0 |      12 |   0.0 |   333
               +---------+---------+-------+---------+---------+-------+---------
